 Dungeon Sprint DCSS version 0.17-a0-755-g4391640 (webtiles) character file.

34497 Trafet the Stickfighter (level 14, -5/125 HPs)
             Began as a Formicid Fighter on Apr 22, 2015.
             Was the Champion of Makhleb.
             Killed from afar by an ice dragon (29 damage)
             ... with a blast of cold
             ... in the Dungeon (Sprint IX: "|||||||||||||||||||||||||||||").
             The game lasted 00:15:25 (3466 turns).

Trafet the Stickfighter (Formicid Fighter)          Turns: 3466, Time: 00:15:25

Health: -5/125     AC: 24    Str: 23      XL:     14   Next: 13%
Magic:  14/14      EV: 16    Int: 12 (13) God:    Makhleb [******]
Gold:   1166       SH: 22    Dex: 18      Spells: 0 memorised, 13 levels left

rFire  . . .     SeeInvis +     p - +4 quarterstaff (speed)
rCold  . . .     Clarity  .     G - +1 plate armour of Ciraitav {Contam +Blink rElec Dex+4}
rNeg   . . .     SustAb   .     H - +0 large shield
rPois  .         Gourm    .     (helmet unavailable)
rElec  +         Spirit   .     F - +0 cloak
rCorr  .         Warding  .     y - +0 pair of gloves
rMut   .         Stasis   +     N - +1 pair of boots
MR     +....                    (no amulet)
Stlth  ..........               s - +3 ring of strength
                                l - +3 ring of intelligence

@: somewhat resistant to hostile enchantments, extremely unstealthy
A: permanent stasis, dig shafts and tunnels, four strong arms, antennae 3
a: Dig, Minor Destruction, Lesser Servant of Makhleb, Major Destruction, Greater
Servant of Makhleb, Renounce Religion


You were in the Dungeon.
You worshipped Makhleb.
Makhleb was exalted by your worship.
You were not hungry.

You visited 1 branch You collected 1918 gold pieces.
You spent 752 gold pieces at shops.

Inventory:

Hand weapons
 a - a +0 long sword
 o - a +2 hunting sling of flaming
 p - a +4 quarterstaff of speed (weapon)
 C - a +3 quarterstaff of speed
 O - a +1 lajatang
Missiles
 D - 12 sling bullets
Armour
 b - a +0 scale mail
 c - a +0 shield
 d - a +0 chain mail
 q - a +0 pair of boots
 r - a +2 ring mail
 y - a +0 pair of gloves (worn)
 F - a +0 cloak (worn)
 G - the +1 plate armour of Ciraitav (worn) {Contam +Blink rElec Dex+4}
   (You bought it in a shop in the Dungeon)

   It affects your dexterity (+4).
   It insulates you from electricity.
   It lets you blink.
   It causes magical contamination when unequipped.
 H - a +0 large shield (worn)
 N - a +1 pair of boots (worn)
Magical staves
 E - an uncursed staff of energy
Jewellery
 l - a +3 ring of intelligence (left hand)
 s - a +3 ring of strength (right hand)
 I - an uncursed ring of protection from magic
 J - an uncursed ring of ice
 K - an uncursed ring of protection from magic
Magical devices
 n - a wand of cold (7)
Scrolls
 f - 4 scrolls of remove curse
 k - 2 scrolls of blinking
 m - 5 scrolls of amnesia
 u - 2 scrolls of recharging
 v - 2 scrolls of fear
 w - 2 scrolls of fog
 x - 3 scrolls of identify
 M - 2 scrolls of enchant armour
Potions
 e - 4 potions of curing
 h - a potion of haste
 i - 4 potions of magic
 j - 2 potions of berserk rage
 t - 2 potions of brilliance
 L - a potion of might
Comestibles
 z - 40 fruits
 A - 11 bread rations
 B - 12 meat rations


   Skills:
 + Level 16.1 Fighting
 - Level 5.8 Long Blades
 - Level 19.7 Staves
 + Level 16.1 Armour
 + Level 13.2 Dodging
 + Level 17.4 Shields


You had 13 spell levels left.
You didn't know any spells.

Dungeon Overview and Level Annotations

Branches:
Dungeon (1/1)

Altars:
Cheibriados
Dithmenos
Elyvilon
Fedhas
Gozag
Kikubaaqudgha
Makhleb
Nemelex Xobeh
Okawaru
Qazlal
Ru
Sif Muna
Trog
Vehumet
Xom
Yredelemnul
Zin
The Shining One
Beogh
Jiyva
Lugonu

Shops:
D :*![


Innate Abilities, Weirdness & Mutations

You are under a permanent stasis effect.
You can dig through walls and to a lower floor.
Your four strong arms can wield two-handed weapons with a shield.
You have a pair of large antennae on your head (SInv).


Message History

The ice dragon is moderately wounded.
The ice dragon barely misses you. You block the ice dragon's attack.
The ice dragon tramples you but does no damage.
You hit the ice dragon.
The ice dragon is heavily wounded.
The spriggan air mage waves its arms in wide circles.
The air twists around and strikes you!
* * * LOW HITPOINT WARNING * * *
You hit the ice dragon but do no damage.
The ice dragon is heavily wounded.
Unknown command.
Drink which item? (? for menu, Esc to quit)
You feel better. The ice dragon barely misses you.
The ice dragon claws you but does no damage.
You block the ice dragon's attack.
Drink which item? (? for menu, Esc to quit)
You feel better. The ice dragon breathes frost at you.
The blast of cold hits you!
You die...

.▓.▓)▓.▓[▓.▓.▓.▓C▓
.▓.▓)▓.▓[▓.▓.▓.▓.▓
.▓.▓)▓.▓[▓.▓)▓.▓T▓
.▓.▓)▓.▓[▓.▓÷▓.▓c▓
.▓.▓.▓.▓[▓.▓.▓.▓u▓
.▓.▓.▓.▓[▓.▓'▓.▓i▓
.▓.▓)▓.▓.▓.♣.♣.▓S▓
.▓.▓.▓.▓.▓.♣.♣.▓D▓
.▓.▓)▓.▓)▓.♣.♣.▓@▓
%▓.▓)▓.▓)▓.♣.♣.▓)▓
.▓.▓.▓.▓)▓.♣.♣.▓)▓
.▓.▓)▓.▓)▓.♣.♣.▓.▓
.▓.▓)▓.▓)▓.♣.♣.▓(▓
.▓.▓)▓.▓.▓.♣.♣.▓†▓
.▓.▓)▓.▓)▓.♣.♣.▓.▓
.▓.▓)▓.▓)▓.♣'♣.▓.▓
"▓.▓.▓.▓.▓.▓.▓.▓.▓


You could see a purple very ugly thing, a fire giant, an ice dragon, a centaur
warrior, a spriggan air mage, a deep troll shaman and an adder shaped shifter.

Vanquished Creatures
  A shadow dragon (D)
  A very ugly thing (D)
  2 stone giants (D)
  An ettin (D)
  A fire dragon (D)
  A naga warrior (D)
  A hydra (D)
  Erica (D)
  A centaur warrior (D)
  2 anacondas (D)
  An ogre mage (D)
  2 spriggan berserkers (D)
  2 deep troll shamans (D)
  An orc high priest (D)
  A deep troll earth mage (D)
  A soul eater (D)
  A wizard (D)
  A giant orange brain (D)
  2 sea snakes (D)
  2 orc knights (D)
  3 mana vipers (D)
  A water nymph (D)
  2 elephants (D)
  2 griffons (D)
  7 orc sorcerers (D)
  5 wolf spiders (D)
  A guardian serpent (D)
  Maurice (D)
  A rust devil (D)
  Joseph (D)
  2 sirens (D)
  A gargoyle (D)
  An orange demon (D)
  2 komodo dragons (D)
  A spiny frog (D)
  4 black mambas (D)
  A tengu conjurer (D)
  A giant leech (D)
  2 merfolk (D)
  2 polar bears (D)
  4 blue devils (D)
  A troll (shapeshifter) (D)
  A two-headed ogre (shapeshifter) (D)
  A bog body (D)
  A raven (D)
  A trapdoor spider (D)
  A tarantella (D)
  2 redbacks (D)
  A tarantella (shapeshifter) (D)
  A basilisk (D)
  A yak (D)
  3 water moccasins (D)
  A soldier ant (D)
  8 orc warriors (D)
  6 black bears (D)
  2 swamp drakes (D)
  An eye of draining (D)
  2 crocodiles (D)
  A big kobold (D)
  4 giant frogs (D)
  A killer bee (D)
  A scorpion (D)
  A jelly (D)
  An iguana (D)
  5 orc priests (D)
  9 orc wizards (D)
  3 worker ants (D)
  A sheep (D)
  An adder (D)
  2 river rats (D)
  2 giant geckos (D)
  7 orcs (D)
  2 bat skeletons (D)
  A giant cockroach (D)
  A kobold (D)
  2 bats (D)
  A goblin (D)
  A jackal skeleton (D)
152 creatures vanquished.

Vanquished Creatures (others)
  A spiny frog (D)
  A giant leech (D)
  A giant spore (D)
3 creatures vanquished.

Grand Total: 155 creatures vanquished

Notes
Turn   | Place    | Note
--------------------------------------------------------------
     0 | D        | Trafet, the Formicid Fighter, began the quest for the Orb.
     0 | D        | Reached XP level 1. HP: 18/18 MP: 1/1
    13 | D        | Reached skill level 4 in Shields
    16 | D        | Reached XP level 2. HP: 19/25 MP: 2/2
    83 | D        | Noticed a worker ant
    83 | D        | Noticed an iguana
    83 | D        | Noticed a worker ant
   113 | D        | Killed a worker ant
   113 | D        | Reached skill level 5 in Shields
   113 | D        | Reached XP level 3. HP: 17/31 MP: 3/3
   122 | D        | Killed an iguana
   122 | D        | Reached skill level 5 in Fighting
   122 | D        | Reached skill level 5 in Long Blades
   122 | D        | Reached XP level 4. HP: 16/39 MP: 4/4
   128 | D        | Killed a worker ant
   128 | D        | Reached skill level 5 in Armour
   139 | D        | Found a glowing silver altar of Zin.
   139 | D        | Found a glowing golden altar of the Shining One.
   139 | D        | Found an ancient bone altar of Kikubaaqudgha.
   139 | D        | Found a basalt altar of Yredelemnul.
   139 | D        | Found a shimmering altar of Xom.
   139 | D        | Found a radiant altar of Vehumet.
   139 | D        | Found an iron altar of Okawaru.
   140 | D        | Found a burning altar of Makhleb.
   141 | D        | Found a deep blue altar of Sif Muna.
   142 | D        | Found a bloodstained altar of Trog.
   143 | D        | Found a sparkling altar of Nemelex Xobeh.
   144 | D        | Found a white marble altar of Elyvilon.
   145 | D        | Found a roughly hewn altar of Beogh.
   146 | D        | Found a viscous altar of Jiyva.
   147 | D        | Found a corrupted altar of Lugonu.
   148 | D        | Found a blossoming altar of Fedhas.
   149 | D        | Became a worshipper of Makhleb the Destroyer
   337 | D        | Found a snail-covered altar of Cheibriados.
   338 | D        | Found a shadowy altar of Dithmenos.
   339 | D        | Found a stormy altar of Qazlal.
   340 | D        | Found an opulent altar of Gozag.
   341 | D        | Found a sacrificial altar of Ru.
   390 | D        | Noticed a big kobold
   390 | D        | Noticed an eye of draining
   390 | D        | Noticed a worker ant
   390 | D        | Noticed a scorpion
   399 | D        | Killed a scorpion
   399 | D        | Acquired Makhleb's first power
   399 | D        | Reached skill level 5 in Staves
   399 | D        | Reached XP level 5. HP: 44/44 MP: 0/5
   409 | D        | Killed a worker ant
   409 | D        | Reached skill level 6 in Staves
   414 | D        | Killed an eye of draining
   414 | D        | Reached skill level 8 in Staves
   414 | D        | Reached XP level 6. HP: 51/51 MP: 0/6
   417 | D        | Acquired Makhleb's second power
   428 | D        | Killed a big kobold
   428 | D        | Reached skill level 9 in Staves
   475 | D        | Noticed a killer bee
   475 | D        | Noticed an orc warrior
   475 | D        | Noticed a giant frog
   475 | D        | Noticed a gargoyle
   484 | D        | Killed a gargoyle
   484 | D        | Reached skill level 12 in Staves
   484 | D        | Reached XP level 7. HP: 49/56 MP: 7/7
   489 | D        | Killed a giant frog
   489 | D        | Reached skill level 1 in Dodging
   502 | D        | Killed an orc warrior
   502 | D        | Acquired Makhleb's third power
   502 | D        | Reached skill level 13 in Staves
   502 | D        | Reached XP level 8. HP: 35/64 MP: 8/8
   509 | D        | Killed a killer bee
   752 | D        | Noticed a crocodile
   752 | D        | Noticed a giant frog
   752 | D        | Noticed a spiny frog
   752 | D        | Noticed a basilisk
   752 | D        | Noticed a water moccasin
   752 | D        | Noticed a crocodile
   758 | D        | Noticed a komodo dragon
   759 | D        | Killed a crocodile
   759 | D        | Acquired Makhleb's fourth power
   764 | D        | Killed a water moccasin
   773 | D        | Killed a basilisk
   784 | D        | Killed a spiny frog
   784 | D        | Acquired Makhleb's fifth power
   784 | D        | Reached XP level 9. HP: 47/72 MP: 9/9
   792 | D        | Killed a giant frog
   800 | D        | Killed a crocodile
   800 | D        | Reached skill level 14 in Staves
   812 | D        | Killed a komodo dragon
  1028 | D        | Noticed a griffon
  1028 | D        | Noticed a black mamba
  1028 | D        | Noticed an elephant
  1028 | D        | Noticed a yak
  1028 | D        | Noticed a komodo dragon
  1028 | D        | Noticed a water moccasin
  1032 | D        | Killed a water moccasin
  1033 | D        | Noticed a black mamba
  1034 | D        | Noticed an elephant
  1041 | D        | Killed a komodo dragon
  1041 | D        | Reached skill level 5 in Dodging
  1054 | D        | Killed a yak
  1066 | D        | Killed an elephant
  1066 | D        | Reached skill level 15 in Staves
  1073 | D        | Killed a black mamba
  1073 | D        | Reached XP level 10. HP: 82/82 MP: 10/10
  1080 | D        | Killed a griffon
  1080 | D        | Reached skill level 10 in Shields
  1089 | D        | Killed a black mamba
  1099 | D        | Killed an elephant
  1103 | D        | Noticed a black bear
  1103 | D        | Noticed a black bear
  1103 | D        | Noticed a black bear
  1103 | D        | Noticed a black bear
  1103 | D        | Noticed a polar bear
  1103 | D        | Noticed a polar bear
  1103 | D        | Noticed a black bear
  1104 | D        | Noticed a black bear
  1108 | D        | Killed a black bear
  1114 | D        | Killed a black bear
  1129 | D        | Killed a polar bear
  1131 | D        | Killed a black bear
  1150 | D        | Killed a polar bear
  1150 | D        | Reached skill level 10 in Fighting
  1150 | D        | Reached skill level 16 in Staves
  1150 | D        | Reached skill level 10 in Armour
  1159 | D        | Killed a black bear
  1165 | D        | Killed a black bear
  1169 | D        | Killed a black bear
  1220 | D        | Noticed Erica
  1233 | D        | Killed Erica
  1233 | D        | Reached XP level 11. HP: 90/92 MP: 11/11
  1269 | D        | Noticed Joseph
  1270 | D        | Noticed Maurice
  1287 | D        | Killed Joseph
  1302 | D        | Killed Maurice
  1354 | D        | Noticed an orc priest
  1354 | D        | Noticed an orc warrior
  1354 | D        | Noticed an orc wizard
  1357 | D        | Noticed an orc warrior
  1364 | D        | Killed an orc warrior
  1370 | D        | Killed an orc wizard
  1371 | D        | Noticed an orc priest
  1375 | D        | Noticed an orc wizard
  1380 | D        | Killed an orc priest
  1387 | D        | Killed an orc warrior
  1402 | D        | Killed an orc priest
  1405 | D        | Killed an orc wizard
  1443 | D        | Noticed an orc warrior
  1443 | D        | Noticed an orc knight
  1443 | D        | Noticed an orc priest
  1443 | D        | Noticed an orc warrior
  1443 | D        | Noticed an orc warrior
  1443 | D        | Noticed an orc priest
  1443 | D        | Noticed an orc wizard
  1445 | D        | Killed an orc wizard
  1446 | D        | Noticed an orc knight
  1450 | D        | Killed an orc warrior
  1451 | D        | Noticed an orc priest
  1454 | D        | Noticed an orc warrior
  1455 | D        | Killed an orc warrior
  1457 | D        | Noticed an orc high priest
  1459 | D        | Killed an orc priest
  1460 | D        | Noticed an orc warrior
  1471 | D        | Killed an orc knight
  1488 | D        | Killed an orc knight
  1488 | D        | Reached skill level 17 in Staves
  1490 | D        | Killed an orc warrior
  1493 | D        | Killed an orc priest
  1495 | D        | Killed an orc priest
  1506 | D        | Killed an orc warrior
  1528 | D        | Killed an orc high priest
  1539 | D        | Killed an orc warrior
  1835 | D        | Found Ajobb's Antique Armour Boutique.
  1835 | D        | Noticed an orc wizard
  1835 | D        | Noticed an orc wizard
  1835 | D        | Noticed an orc wizard
  1835 | D        | Noticed an orc sorcerer
  1835 | D        | Noticed an orc sorcerer
  1835 | D        | Noticed an orc sorcerer
  1855 | D        | Found Otaukyah's Distillery.
  1856 | D        | Noticed an orc sorcerer
  1860 | D        | Killed an orc sorcerer
  1868 | D        | Noticed an orc sorcerer
  1874 | D        | Killed an orc sorcerer
  1892 | D        | Killed an orc sorcerer
  1894 | D        | Killed an orc wizard
  1898 | D        | Killed an orc wizard
  1918 | D        | Killed an orc wizard
  1940 | D        | Killed an orc sorcerer
  1954 | D        | Found Edghyxt's Assorted Antiques.
  1966 | D        | Killed an orc sorcerer
  1969 | D        | Found Apaojaim's Book Shop.
  1971 | D        | Noticed an orc sorcerer
  1972 | D        | Noticed a soul eater
  1972 | D        | Noticed an orc wizard
  1973 | D        | Noticed an orc sorcerer
  1974 | D        | Noticed an orc wizard
  1975 | D        | Noticed an orc wizard
  1995 | D        | Killed a soul eater
  2004 | D        | Killed an orc sorcerer
  2004 | D        | Reached XP level 12. HP: 67/102 MP: 12/12
  2006 | D        | Killed an orc wizard
  2011 | D        | Noticed a sun demon
  2013 | D        | Killed an orc sorcerer
  2013 | D        | Reached skill level 18 in Staves
  2017 | D        | Killed an orc wizard
  2019 | D        | Killed an orc wizard
  2027 | D        | Bought a steaming plate armour for 644 gold pieces
  2032 | D        | Bought a large shield for 108 gold pieces
  2052 | D        | Identified the +1 plate armour of Ciraitav {Contam +Blink rElec Dex+4} (You bought it in a shop in the Dungeon)
  2214 | D        | Noticed a soldier ant
  2214 | D        | Noticed a yaktaur
  2214 | D        | Noticed a centaur warrior
  2214 | D        | Noticed a giant frog
  2214 | D        | Noticed a giant frog
  2214 | D        | Noticed a wizard
  2230 | D        | Killed a wizard
  2230 | D        | a yaktaur changed into a tarantella
  2231 | D        | Noticed a deep troll shaman
  2235 | D        | Noticed a jelly
  2236 | D        | Killed a centaur warrior
  2239 | D        | Noticed a stone giant
  2239 | D        | Killed a giant frog
  2244 | D        | Killed a giant frog
  2245 | D        | Noticed a giant orange brain
  2257 | D        | Noticed a two-headed ogre
  2258 | D        | Killed a soldier ant
  2264 | D        | Noticed an ogre mage
  2271 | D        | Killed a deep troll shaman
  2288 | D        | Noticed a tengu conjurer
  2296 | D        | Killed a stone giant
  2296 | D        | Reached skill level 10 in Dodging
  2303 | D        | Killed a jelly
  2311 | D        | Killed a giant orange brain
  2314 | D        | Killed a two-headed ogre
  2332 | D        | Killed an ogre mage
  2343 | D        | Killed a tengu conjurer
  2462 | D        | Noticed a spiny frog
  2462 | D        | Noticed a swamp drake
  2462 | D        | Noticed an eight-headed hydra
  2462 | D        | Noticed a swamp drake
  2462 | D        | Noticed a bog body
  2462 | D        | Noticed a water moccasin
  2462 | D        | Noticed a raven
  2466 | D        | Killed a raven
  2470 | D        | Killed a water moccasin
  2477 | D        | Noticed a giant leech
  2479 | D        | Noticed a giant leech
  2484 | D        | Killed a spiny frog
  2487 | D        | Killed an eight-headed hydra
  2487 | D        | Reached skill level 19 in Staves
  2497 | D        | Killed a giant leech
  2511 | D        | Killed a bog body
  2528 | D        | Killed a swamp drake
  2543 | D        | Killed a swamp drake
  2583 | D        | Killed a giant leech
  2612 | D        | Noticed a mana viper
  2612 | D        | Noticed a mana viper
  2612 | D        | Noticed a naga warrior
  2612 | D        | Noticed a guardian serpent
  2612 | D        | Noticed an anaconda
  2612 | D        | Noticed a black mamba
  2612 | D        | Noticed a mana viper
  2618 | D        | Killed a mana viper
  2619 | D        | Noticed an anaconda
  2628 | D        | Noticed a black mamba
  2632 | D        | Killed an anaconda
  2632 | D        | Reached XP level 13. HP: 80/112 MP: 6/13
  2636 | D        | Killed a black mamba
  2646 | D        | Killed a guardian serpent
  2665 | D        | Killed a naga warrior
  2679 | D        | Killed an anaconda
  2679 | D        | Reached skill level 15 in Shields
  2686 | D        | Killed a mana viper
  2693 | D        | Killed a mana viper
  2704 | D        | Killed a black mamba
  2711 | D        | Noticed a siren
  2711 | D        | Noticed a water nymph
  2711 | D        | Noticed a siren
  2711 | D        | Noticed a merfolk
  2711 | D        | Noticed a merfolk
  2711 | D        | Noticed a sea snake
  2712 | D        | Noticed a griffon
  2725 | D        | Killed a sea snake
  2726 | D        | Noticed a sea snake
  2737 | D        | Killed a merfolk
  2756 | D        | Killed a merfolk
  2764 | D        | Killed a siren
  2777 | D        | Killed a water nymph
  2786 | D        | Killed a siren
  2791 | D        | Killed a griffon
  2802 | D        | Killed a sea snake
  3154 | D        | Noticed a wolf spider
  3154 | D        | Noticed a tarantella
  3154 | D        | Noticed a wolf spider
  3154 | D        | Noticed a wolf spider
  3154 | D        | Noticed a redback
  3154 | D        | Noticed a wolf spider
  3159 | D        | Killed a wolf spider
  3162 | D        | Killed a redback
  3165 | D        | Killed a wolf spider
  3166 | D        | Noticed a redback
  3168 | D        | Noticed a wolf spider
  3170 | D        | Noticed a trapdoor spider
  3173 | D        | Killed a wolf spider
  3186 | D        | Killed a wolf spider
  3195 | D        | Killed a wolf spider
  3202 | D        | Killed a redback
  3202 | D        | Reached skill level 15 in Fighting
  3202 | D        | Reached skill level 15 in Armour
  3204 | D        | Killed a tarantella
  3210 | D        | Killed a trapdoor spider
  3320 | D        | Noticed a spriggan berserker
  3320 | D        | Noticed a spriggan berserker
  3320 | D        | Noticed a red very ugly thing
  3320 | D        | Noticed a fire dragon
  3320 | D        | Noticed a stone giant
  3320 | D        | Noticed a deep troll earth mage
  3320 | D        | Noticed a deep troll shaman
  3331 | D        | Killed a deep troll shaman
  3339 | D        | Killed a deep troll earth mage
  3340 | D        | Noticed an ettin
  3347 | D        | Noticed an ice dragon
  3347 | D        | Killed a stone giant
  3349 | D        | Noticed a shadow dragon
  3363 | D        | Killed a red very ugly thing
  3377 | D        | Killed a fire dragon
  3385 | D        | Noticed a spriggan air mage
  3392 | D        | Killed a spriggan berserker
  3393 | D        | Noticed a purple very ugly thing
  3404 | D        | Noticed a centaur warrior
  3408 | D        | Killed a spriggan berserker
  3408 | D        | Reached XP level 14. HP: 92/124 MP: 14/14
  3409 | D        | Noticed a deep troll shaman
  3422 | D        | Killed an ettin
  3444 | D        | Noticed an ogre mage
  3453 | D        | Killed a shadow dragon
  3454 | D        | Noticed a fire giant
  3463 | D        | HP: 3/125 [spriggan air mage/the air (20)]
  3466 | D        | Killed from afar by an ice dragon

Action                   |  1- 3 |  4- 6 |  7- 9 | 10-12 | 13-15 || total
-------------------------+-------+-------+-------+-------+-------++-------
Melee: Long sword        |    49 |     6 |       |       |       ||    55
       Quarterstaff      |       |    45 |   124 |   603 |   254 ||  1026
       Lajatang          |       |       |       |       |    86 ||    86
  Use: Potion            |     2 |       |     1 |     5 |     5 ||    13
 Stab: Invisible         |       |       |     4 |     7 |       ||    11
       Fleeing           |       |       |       |     2 |       ||     2
       Confused          |       |       |       |     1 |       ||     1
  Eat: Bread ration      |     1 |       |       |       |     1 ||     2
       Chunk             |       |       |       |     2 |       ||     2
